 Dungeon Crawl Stone Soup version 0.31.0-7-gf635a9b802 (webtiles) character file.

Game seed: 18066079475917546474

4826 tilp the Cleaver (level 10, -3/88 HPs)
             Began as a Minotaur Berserker on Jan 23, 2024.
             Was an Elder of Trog.
             Killed from afar by a deep elf pyromancer (4 damage)
             ... with a bolt of fire
             ... on level 8 of the Dungeon.
             The game lasted 00:12:16 (6519 turns).

tilp the Cleaver (Minotaur Berserker)               Turns: 6519, Time: 00:12:17

Health: -3/88      AC: 31    Str: 27    XL:     10   Next: 25%
Magic:  9/9        EV:  9    Int:  4    God:    Trog [****..]
Gold:   489        SH:  3    Dex:  9    Spells: 9/9 levels left

rFire   + . .        a - +2 hand axe (venom)
rCold   . . .        u - +0 buckler
rNeg    . . .        J - +18 Lear's hauberk
rPois   .            (helmet currently unavailable)
rElec   .            (no cloak)
rCorr   .            (gloves currently unavailable)
SInv    .            (boots currently unavailable)
Will    ++...        (no amulet) Stlth
                     j - ring of protection from fire
HPRegen 1.34/turn    o - +4 ring of protection
MPRegen 0.11/turn

%: no passive effects
@: on fire, strong-willed, on berserk cooldown, regenerating, slowed, glowing,
very slow
A: horns 2, retaliatory headbutt
a: Renounce Religion, Berserk, Trog's Hand, Brothers in Arms


You were on level 8 of the Dungeon.
You worshipped Trog.
Trog was greatly pleased with you.
You visited 1 branch of the dungeon, and saw 8 of its levels.
You also visited: Sewer.

You collected 489 gold pieces.

Inventory:

Hand Weapons
 a - a +2 hand axe of venom (weapon)
 b - a +0 hand axe
Missiles
 e - 37 poisoned darts (quivered)
 A - 5 boomerangs
Armour
 u - a +0 buckler (worn)
 J - the +18 Lear's hauberk (worn)
   (You acquired it on level 7 of the Dungeon)
Jewellery
 j - a ring of protection from fire (left hand)
 o - a +4 ring of protection (right hand)
 v - a ring of see invisible
 D - a ring of magical power
Talismans
 f - a beast talisman
 h - a flux talisman
 i - a beast talisman
 H - a serpent talisman
Wands
 g - a wand of flame (47)
 x - a wand of polymorph (7)
 y - a wand of quicksilver (8)
 z - a wand of roots (9)
 G - a wand of charming (10)
Scrolls
 c - 3 scrolls of identify
 l - 5 scrolls of teleportation
 n - 2 scrolls of fog
 q - 2 scrolls of revelation
 r - a scroll of blinking
 w - 2 scrolls of fear
 B - 3 scrolls of enchant armour
 I - 2 scrolls of enchant weapon
Potions
 d - a potion of heal wounds
 k - 3 potions of mutation
 m - 2 potions of haste
 s - a potion of cancellation
 C - 2 potions of attraction
 E - a potion of lignification
 F - a potion of brilliance
 L - a potion of curing


   Skills:
 + Level 8.1 Fighting
 - Level 14.0 Axes
 + Level 2.1 Throwing
 + Level 5.1 Armour
 + Level 4.1 Dodging
 - Level 2.0 Stealth
 + Level 0.6 Shields
 + Level 4.1 Evocations


You had 9 spell levels left.
You didn't know any spells.
Your spell library was empty.

Dungeon Overview and Level Annotations

Branches:
Dungeon (8/15)             Temple (0/1) D:5            Lair (0/5) D:8
  Sewer (visited)

Altars:
Ashenzari
Dithmenos
Gozag
Kikubaaqudgha
Qazlal
Vehumet
Xom
Yredelemnul
Zin
The Shining One

Shops:
D:4 [

Annotations:
D:3 exclusion: statue
D:8 1 runed translucent door, exclusion: door, Skimidon's ghost, novice VSFi


Innate Abilities, Weirdness & Mutations

You have a pair of horns on your head.
You reflexively headbutt those who attack you in melee.


Message History

The deep elf pyromancer crushes you!
* * * LOW HITPOINT WARNING * * *
You barely miss the deep elf pyromancer.
The liquid fire burns you!
* * * LOW HITPOINT WARNING * * *
The deep elf pyromancer casts a spell.
Unknown command.
You shake off some of the fire as you move.
The liquid fire burns you!
* * * LOW HITPOINT WARNING * * *
The deep elf pyromancer points at you and mumbles some strange words.
The pyre arrow hits you.
You are even more covered in intense liquid fire!
Unknown command.
You feel much better. The liquid fire burns you!
* * * LOW HITPOINT WARNING * * *
The deep elf pyromancer hits you but does no damage.
Unknown command.
You shake off some of the fire as you move.
The liquid fire burns you!
* * * LOW HITPOINT WARNING * * *
The deep elf pyromancer mumbles some strange words.
Unknown command.
Your skin crawls.
You feel strong-willed. The liquid fire burns you!
* * * LOW HITPOINT WARNING * * *
The fire elemental hits you.
The deep elf pyromancer closely misses you.
Unknown command.
You fail to use your ability.
The liquid fire burns you!
* * * LOW HITPOINT WARNING * * *
You block the fire elemental's attack. The fire elemental hits you.
The fire elemental burns you! You resist.
* * * LOW HITPOINT WARNING * * *
The deep elf pyromancer points at you and mumbles some strange words.
The bolt of fire hits you. You resist.
You die...

.4###....)###..##.##
#.. .##.##....###.###.#
##. #+...+#..##.#####.#
# ##.....####...####.#
#.......##..§..###.#
#....°####...##...#
+○○EE#..##.##.>..######
##☼##eE..###...#+#.....
###..@..####..'_'.####
##....##.....#+#.....
#≈##..#'>#.####...####
#§§≈####†...# #####
#≈≈☼≈§######## ###≈≈≈#
####≈# #### ##


You could see a deep elf pyromancer and 3 fire elementals.

Vanquished Creatures
  3 gargoyles (D:8)
  A rime drake (D:8)
  Grinder (D:6)
  A raiju (D:8)
  Sigmund (D:4)
  2 wyverns
  A steam dragon (D:6)
  A fire elemental (D:8)
  A water moccasin (D:8)
  Pargi (Sewer)
  2 sky beasts (D:7)
  A black bear (D:4)
  2 ice beasts (D:7)
  3 ogres
  3 phantoms (D:5)
  3 kobold brigands
  2 bullfrogs (D:7)
  A gnoll sergeant (D:7)
  3 scorpions
  4 wights (D:7)
  A quasit (D:7)
  A hound (D:7)
  A bombardier beetle (D:5)
  A jelly (Sewer)
  3 orc priests
  Jessica (D:3)
  2 iguanas (D:5)
  7 orc wizards
  Ijyb (D:4)
  Robin (D:4)
  12 gnolls
  9 adders
  A shadow imp (D:6)
  4 white imps
  3 dart slugs
  A ribbon worm (D:2)
  21 orcs
  2 ball pythons
  9 bats
  4 endoplasms
  7 giant cockroaches
  13 goblins
  12 hobgoblins
  3 jackals (D:1)
  19 kobolds
  3 quokkas
  6 frilled lizards
  3 hobgoblin zombies (D:7)
  2 kobold skeletons (D:7)
  2 kobold zombies (D:7)
  2 orc skeletons (D:7)
  2 orc zombies (D:7)
  5 rats
201 creatures vanquished.

Notes
Turn   | Place    | Note
-------+----------+-------------------------------------------
     0 | D:1      | tilp the Minotaur Berserker began the quest for the Orb.
     0 | D:1      | Reached XP level 1. HP: 19/19 MP: 0/0
    72 | D:1      | Reached XP level 2. HP: 25/27 MP: 1/1
    76 | D:1      | Reached skill level 4 in Axes
   152 | D:1      | Reached ** piety under Trog
   342 | D:1      | Reached XP level 3. HP: 33/33 MP: 2/2
   797 | D:2      | Reached skill level 1 in Stealth
  1060 | D:2      | Found a stormy altar of Qazlal.
  1380 | D:3      | Reached XP level 4. HP: 40/40 MP: 3/3
  1425 | D:3      | Found a glowing drain.
  1437 | Sewer    | Entered a sewer
  1484 | Sewer    | Noticed a kobold brigand
  1492 | Sewer    | Killed a kobold brigand
  1493 | Sewer    | Reached skill level 5 in Axes
  1493 | Sewer    | Reached XP level 5. HP: 44/47 MP: 4/4
  1601 | Sewer    | Noticed Pargi
  1603 | Sewer    | Killed Pargi
  1621 | Sewer    | Reached XP level 6. HP: 55/55 MP: 5/5
  1628 | Sewer    | Reached skill level 5 in Fighting
  1628 | Sewer    | Reached skill level 6 in Axes
  2184 | D:3      | Found a radiant altar of Vehumet.
  2462 | D:3      | Noticed Jessica
  2466 | D:3      | Killed Jessica
  2482 | D:3      | Found an opulent altar of Gozag.
  2570 | D:4      | Reached *** piety under Trog
  2583 | D:4      | Noticed Sigmund
  2600 | D:4      | Killed Sigmund
  2601 | D:4      | Reached skill level 7 in Axes
  2601 | D:4      | Reached XP level 7. HP: 44/63 MP: 6/6
  2813 | D:4      | Noticed Ijyb
  2824 | D:4      | Reached skill level 8 in Axes
  2827 | D:4      | Killed Ijyb
  2857 | D:4      | Found Xoneq's Antique Armour Emporium.
  3066 | D:4      | Noticed Robin
  3120 | D:4      | Killed Robin
  3302 | D:5      | Entered Level 5 of the Dungeon
  3429 | D:5      | Reached XP level 8. HP: 62/71 MP: 7/7
  3480 | D:5      | Reached skill level 1 in Evocations
  3556 | D:5      | Found a stormy altar of Qazlal.
  3576 | D:5      | Reached skill level 1 in Throwing
  3616 | D:5      | Found an ancient bone altar of Kikubaaqudgha.
  3668 | D:5      | Reached skill level 9 in Axes
  3783 | D:5      | Reached **** piety under Trog
  3954 | D:5      | Found a staircase to the Ecumenical Temple.
  4252 | D:6      | Noticed Grinder
  4253 | D:6      | Paralysed by Grinder for 5 turns
  4261 | D:6      | Killed Grinder
  4344 | D:6      | Found a broken altar of Ashenzari.
  4441 | D:6      | Reached skill level 5 in Armour
  4583 | D:6      | Found a glowing silver altar of Zin.
  4660 | D:6      | Reached skill level 10 in Axes
  4660 | D:6      | Reached XP level 9. HP: 77/80 MP: 8/8
  5111 | D:7      | Found a shimmering altar of Xom.
  5161 | D:7      | Identified the +9 dagger of Uncertain Death {drain, Str+3
                  | Int+2 Dex+3}
  5215 | D:7      | Reached skill level 11 in Axes
  5573 | D:7      | Reached skill level 12 in Axes
  5735 | D:7      | Found a glowing golden altar of the Shining One.
  5790 | D:7      | Identified the +1 robe of Dawn {-Cast rPois rN+ Slay+2
                  | Stlth+}
  5859 | D:7      | Identified a scroll of acquirement
  5859 | D:7      | Acquired the +18 Lear's hauberk
  5859 | D:7      | Found the +18 Lear's hauberk
  5969 | D:8      | Found a staircase to the Lair.
  6027 | D:8      | Noticed a rime drake
  6028 | D:8      | Noticed a gargoyle
  6028 | D:8      | Noticed a gargoyle
  6030 | D:8      | Noticed a gargoyle
  6036 | D:8      | Killed a rime drake
  6042 | D:8      | Killed a gargoyle
  6043 | D:8      | Reached skill level 13 in Axes
  6045 | D:8      | Killed a gargoyle
  6046 | D:8      | Reached XP level 10. HP: 88/88 MP: 9/9
  6058 | D:8      | Killed a gargoyle
  6175 | D:8      | Found a runed translucent door.
  6175 | D:8      | Identified the +10 spear of the Shimmering Penguin {spect,
                  | rPois}
  6176 | D:8      | Noticed Skimidon's ghost (novice VSFi)
  6277 | D:8      | Reached skill level 14 in Axes
  6281 | D:8      | Found a basalt altar of Yredelemnul.
  6484 | D:8      | Found a shadowy altar of Dithmenos.
  6509 | D:8      | Noticed a deep elf pyromancer
  6515 | D:8      | HP: 2/88 [burnt (9)]
  6519 | D:8      | Killed from afar by a deep elf pyromancer

Illustrated notes

Levels and vault maps discovered:
D:1:      minmay_arrival_up_and_down, layout_basic
D:2:      layout_basic, basic_altar
D:3:      layout_basic, nicolae_gozag_cash_rules_everything_around_me,
          vehumet_statue, portal_sewer_entry_b, nicolae_grassy_gnolls,
          uniq_jessica
D:4:      layout_basic, serial_shops, nicolae_diamond_shop, hex_tiny,
          hangedman_decor_lopped, uniq_ijyb, uniq_robin, uniq_sigmund
D:5:      layout_basic, mainiacjoe_overflow_paths, lemuel_doored_altar,
          minmay_temple_entry_from_below_a, chequers_serial_rivers_micro_d
D:6:      layout_loops_ring, mainiacjoe_overflow_surrounded_room,
          nicolae_ashenzari_skybound, uniq_grinder
D:7:      layout_rooms, mainiacjoe_overflow_tiny_flanked,
          nicolae_tso_besieged_by_evil, kennysheep_generic_room_13
D:8:      layout_rooms, kennysheep_mini, mainiacjoe_overflow_cross_hatched,
          dpeg_oklobed_lair, ebering_ghost_funeral_grove,
          dilly_guarded_unrand_elemental_staff

Skill      XL: |  1  2  3  4  5  6  7  8  9 10 |
---------------+-------------------------------+-----
Axes           | 4 5 7 8 10 13 14 | 14.0
Fighting       | 4 6 7 8 |  8.1
Stealth        | 1 2 |  2.0
Dodging        | 3 4 |  4.1
Armour         | 3 5 |  5.1
Evocations     | 2 4 |  4.1
Throwing       | 2 |  2.1
Shields        | |  0.6

Action                     |  1- 3 |  4- 6 |  7- 9 | 10-12 || total
---------------------------+-------+-------+-------+-------++-------
  Melee: Hand axe          |    64 |    92 |   290 |    36 ||   482
         Headbutt          |    15 |    13 |    53 |     6 ||    87
 Invoke: Berserk           |       |     4 |     6 |     1 ||    11
         Trog's Hand       |       |       |       |     1 ||     1
    Use: Scroll            |     4 |     6 |    10 |     2 ||    22
         Potion            |       |       |       |     1 ||     1
 Armour: Animal skin       |    37 |       |       |       ||    37
         Leather armour    |     5 |     2 |       |       ||     7
         Scale mail        |       |    37 |       |       ||    37
         Chain mail        |       |    14 |   159 |    28 ||   201
  Dodge: Dodged            |    42 |    43 |    72 |    10 ||   167
  Block: Buckler           |       |     1 |    26 |     3 ||    30
